 Dungeon Crawl Stone Soup version 0.23-a0-644-gb60d84b (webtiles) character file.

3951 Borgoz the Grappler (level 10, -5/91 HPs)
             Began as a Ghoul Gladiator on Jan 1, 2019.
             Was a Follower of Ashenzari.
             Killed from afar by Harold (13 damage)
             ... with a harpoon shot
             ... on level 9 of the Dungeon.
             The game lasted 00:15:37 (8592 turns).

Borgoz the Grappler (Ghoul Gladiator)               Turns: 8592, Time: 00:15:37

Health: -5/91      AC:  5    Str: 24      XL:     10   Next: 21%
Magic:  9/9        EV: 16    Int:  3      God:    Ashenzari [*.....]
Gold:   573        SH:  0    Dex: 12 (13) Spells: 9/9 levels left

rFire    + . .     SeeInvis .     - Unarmed
rCold    + + .     Gourm    .   (no shield)
rNeg     + + +     Faith    .   a - +0 leather armour (curse)
rPois    ∞         Spirit   .   F - +1 helmet
rElec    .         Reflect  .   (no cloak)
rCorr    .         Harm     .   (no gloves)
MR       .....                  (no boots)
Stlth    +.........             (no amulet)
HPRegen  0.00/turn              q - ring of protection from cold (curse)
MPRegen  0.11/turn              k - ring of protection from fire (curse)

@: mighty, very slightly contaminated, rotting, invisible
A: rotting body, claws 1, carnivore, cold resistance 1, negative energy
resistance 3, inhibited regeneration, torment resistance, unbreathing
a: Curse Item, Scrying, Renounce Religion


You were on level 9 of the Dungeon.
You worshipped Ashenzari.
Ashenzari was aware of your devotion.
You were not hungry.

You visited 2 branches of the dungeon, and saw 10 of its levels.

You collected 573 gold pieces.

Inventory:

Missiles
 c - 2 throwing nets (quivered)
Armour
 a - a cursed +0 leather armour (worn)
 b - the cursed +1 ring mail "Xasedaik" {rN+}
   (You found it on level 8 of the Dungeon)

   It protects you from negative energy.
   It has a curse placed upon it.
 h - a +0 ring mail
 F - a +1 helmet (worn)
Jewellery
 k - a cursed ring of protection from fire (right claw)
 q - a cursed ring of protection from cold (left claw)
Wands
 t - a wand of random effects (55)
 u - a wand of polymorph (6)
 A - a wand of digging (2)
 D - a wand of enslavement (8)
Scrolls
 e - a scroll of teleportation {unknown}
 l - a scroll of remove curse
 m - 2 scrolls of blinking {unknown}
 o - a scroll of amnesia {unknown}
 p - 3 scrolls of enchant armour
 r - 2 scrolls of magic mapping {unknown}
 s - 3 scrolls of noise {unknown}
 y - 3 scrolls of immolation {unknown}
 B - 2 scrolls of fog {unknown}
 E - a scroll of identify
Potions
 j - a potion of agility {unknown}
 n - a potion of might
 v - a potion of degeneration {unknown}
 x - a potion of ambrosia {unknown}
 z - a potion of cancellation {unknown}
 C - a potion of flight {unknown}
Comestibles
 d - 23 rations


   Skills:
 + Level 9.4 Fighting
 - Level 1.7 Throwing
 + Level 8.1 Dodging
 + Level 9.7 Unarmed Combat


You had 9 spell levels left.
You didn't know any spells.
Your spell library was empty.

Dungeon Overview and Level Annotations

Branches:
Dungeon (9/15)             Temple (1/1) D:5
   Lair: D:8-11         Orc: D:9-12

Altars:
Ashenzari
Cheibriados
Dithmenos
Elyvilon
Fedhas
Gozag
Hepliaklqana
Kikubaaqudgha
Makhleb
Nemelex Xobeh
Okawaru
Qazlal
Ru
Sif Muna
Trog
Uskayaw
Vehumet
Wu Jian
Xom
Zin
The Shining One

Shops:
D:8 (

Annotations:
D:9 Harold, Psyche


Innate Abilities, Weirdness & Mutations

Your body is rotting away.
You thrive on raw meat.
You are immune to poison.
You have sharp fingernails.
You are carnivorous and can eat meat at any time.
Your flesh is cold resistant. (rC+)
You are immune to negative energy. (rN+++)
You do not regenerate when monsters are visible.
You are immune to unholy pain and torment.
You can survive without breathing.


Message History

You are very lightly contaminated with residual magic.
You strike the helpless Harold from behind!
You claw Harold!
Harold is moderately wounded.
Psyche points at you and mumbles some strange words.
The puff of frost hits Harold.
Harold hits you with a +0 flail!!
* * * LOW HITPOINT WARNING * * *
You claw Harold!
Harold is severely wounded.
Harold hits you with a +0 flail!
* * * LOW HITPOINT WARNING * * *
Okay, then.
Okay, then.
You claw Harold! You claw Harold.
Harold is severely wounded.
Psyche casts a spell at Harold.
The puff of flame hits Harold.
Harold casts a spell at you. The harpoon shot hits you!
You die...

# .. ....... ### ..
. ....... .(# ?##..
....... #.#......
.......####O#......
........@.@T......#
.......####@.....##
.......####...##.#
..).......†...#
#########..@..#
#..##.# #§.# .#
#..## .. .....


You could see Harold, Psyche, a troll and an ogre.

Vanquished Creatures
  A two-headed ogre (D:8)
  Maurice (D:8)
  Eustachio (D:5)
  A hungry ghost (D:8)
  4 ice beasts (D:8)
  A sky beast (D:7)
  An orc warrior (D:6)
  2 wolves (D:8)
  2 phantoms
  An ogre (D:8)
  A centaur (D:8)
  A big kobold (D:7)
  Blork the orc (D:6)
  3 bullfrogs
  2 scorpions (D:6)
  2 howler monkeys (D:4)
  5 wights
  A centaur zombie (D:8)
  2 crimson imps
  A bullfrog zombie (D:4)
  2 quasits (D:8)
  3 hounds
  3 jellies
  An orc priest (D:5)
  5 orc wizards
  An iguana (D:8)
  4 worker ants
  A worker ant zombie (D:5)
  6 adders
  3 gnolls
  3 white imps (D:8)
  An ooze (D:3)
  An adder zombie (D:7)
  3 worms
  3 dart slugs
  4 leopard geckos
  22 orcs
  8 giant cockroaches
  9 hobgoblins
  24 jackals
  5 quokkas
  11 bats
  6 frilled lizards
  11 goblins
  14 kobolds
  A leopard gecko zombie (D:5)
  11 rats
200 creatures vanquished.

Notes
Turn   | Place    | Note
-------+----------+-------------------------------------------
     0 | D:1      | Borgoz the Ghoul Gladiator began the quest for the Orb.
     0 | D:1      | Reached XP level 1. HP: 17/17 MP: 0/0
   105 | D:1      | Reached XP level 2. HP: 22/24 MP: 1/1
   223 | D:1      | Reached XP level 3. HP: 28/30 MP: 2/2
   839 | D:2      | Reached XP level 4. HP: 28/38 MP: 3/3
  1136 | D:2      | Reached XP level 5. HP: 38/45 MP: 4/4
  1677 | D:3      | Found a blossoming altar of Fedhas.
  2540 | D:4      | Reached skill level 5 in Unarmed Combat
  2540 | D:4      | Reached XP level 6. HP: 20/52 MP: 5/5
  2763 | D:5      | Entered Level 5 of the Dungeon
  3682 | D:5      | Reached XP level 7. HP: 47/60 MP: 6/6
  3725 | D:5      | Reached skill level 5 in Fighting
  4095 | D:5      | Noticed Eustachio
  4098 | D:5      | Found a staircase to the Ecumenical Temple.
  4104 | D:5      | Killed Eustachio
  4104 | D:5      | Reached skill level 5 in Dodging
  4116 | Temple   | Entered the Ecumenical Temple
  4331 | Temple   | Became a worshipper of Ashenzari the Shackled
  4448 | D:6      | Reached XP level 8. HP: 54/70 MP: 7/7
  4622 | D:6      | Noticed Blork the orc
  4633 | D:6      | Killed Blork the orc
  4746 | D:6      | HP: 1/71 [wight/cursed +3 great sword (11)]
  6400 | D:7      | Reached XP level 9. HP: 78/79 MP: 8/8
  6494 | D:7      | Found a stormy altar of Qazlal.
  6843 | D:8      | Found a glowing silver altar of Zin.
  6843 | D:8      | Found a bloodstained altar of Trog.
  6852 | D:8      | Found a shimmering altar of Xom.
  6852 | D:8      | Found an iron altar of Okawaru.
  6877 | D:8      | Noticed a two-headed ogre
  6878 | D:8      | Found Quack's Weapon Shop.
  6898 | D:8      | Killed a two-headed ogre
  7284 | D:8      | Noticed Maurice
  7354 | D:8      | Killed Maurice
  7475 | D:7      | Found a glowing golden altar of the Shining One.
  7511 | D:8      | Found an opulent altar of Gozag.
  7511 | D:8      | Found a hazy altar of Hepliaklqana.
  7512 | D:8      | Found a shadowy altar of Dithmenos.
  7528 | D:8      | Reached XP level 10. HP: 74/91 MP: 9/9
  7630 | D:8      | Found a hide-covered altar of Uskayaw.
  7670 | D:8      | Identified the cursed +1 ring mail "Xasedaik" {rN+}
  8466 | D:8      | Reached * piety under Ashenzari
  8562 | D:9      | Noticed Psyche
  8568 | D:9      | Noticed Harold
  8592 | D:9      | Killed from afar by Harold

Vault maps used:
D:1:      mrwooster_arrival_statue_3
D:2:      serial_bayou_lagoon_b
D:3:      mumra_celtic_spiral_tile, hangedman_decor_growths, roderic_lattice_a,
          fedhas_altar_fruit_tree
D:4:      first_ration, minmay_misc_feat_ornament
D:5:      temple_hall, kennysheep_generic_room_9, uniq_eustachio
D:6:      minmay_evil_eye, uniq_blork_the_orc
D:7:      lemuel_upstairs_altar, nicolae_qazlal_eye_of_the_storm
D:8:      grunt_temple_overflow_open, serial_shops, shop, serial_ice,
          serial_ice_l, serial_ice_n, serial_ice_g, serial_ice_d, serial_ice_b,
          serial_ice_c, basic_altar, grunt_ogre_cave, uniq_maurice
D:9:      marbit_many_paths, uniq_joseph, uniq_harold, uniq_psyche
Temple:   oiseaux_autumnal_temple

Skill      XL: |  1  2  3  4  5  6  7  8  9 10 |
---------------+-------------------------------+-----
Dodging        | 3 4 5 6 7 8 |  8.1
Fighting       | 3 4 6 7 9 |  9.4
Unarmed Combat | 4 5 6 7 9 |  9.7
Throwing       | |  1.7

Action                   |  1- 3 |  4- 6 |  7- 9 | 10-12 || total
-------------------------+-------+-------+-------+-------++-------
Melee: Unarmed           |   110 |   244 |   334 |   116 ||   804
       Punch             |     2 |     4 |     4 |     6 ||    16
Invok: Curse Item        |       |       |     3 |       ||     3
  Use: Potion            |       |       |     6 |     5 ||    11
       Scroll            |       |       |     4 |     1 ||     5
 Stab: Invisible         |       |       |     1 |     1 ||     2
  Eat: Chunk             |     3 |    16 |    28 |     5 ||    52
Armor: Leather armour    |    19 |    77 |    53 |    31 ||   180
Dodge: Dodged            |    64 |   176 |   203 |    80 ||   523

Table legend:
 A = Non-vault XP
 B = Vault XP
 C = Vault XP percentage of total XP
 D = Non-vault monster count
 E = Vault monster count
 F = Vault count percentage of total count
                 A         B        C        D         E       F
            +---------+---------+-------+---------+---------+-------
      Total |    3858 |    1787 |  31.7 |     181 |      19 |   9.5
            +---------+---------+-------+---------+---------+-------
        D:1 |      60 |       0 |   0.0 |      33 |       0 |   0.0
        D:2 |     123 |       0 |   0.0 |      33 |       0 |   0.0
        D:3 |      54 |       0 |   0.0 |      16 |       0 |   0.0
        D:4 |     310 |       0 |   0.0 |      15 |       0 |   0.0
        D:5 |     384 |     197 |  33.9 |      18 |       3 |  14.3
        D:6 |     811 |     256 |  24.0 |      24 |       5 |  17.2
        D:7 |     312 |       0 |   0.0 |      17 |       0 |   0.0
        D:8 |    1771 |    1334 |  43.0 |      24 |      11 |  31.4
        D:9 |      33 |       0 |   0.0 |       1 |       0 |   0.0
            +---------+---------+-------+---------+---------+-------
